Map: Eternal Empire LE

Players

Undertheker

  • Race: Zerg Zerg
  • League: Master
  • Spawn Location: 7:00

MikeHawk - Winner!

  • Race: Terran Terran
  • League: Master
  • Spawn Location: 1:00

VOD

Have the link to the VOD?

Description

Time

  • Played on: Dec. 18, 2019, 3:18 p.m.
  • Length: 11:00
Show
View Real Time Build Order
Export as new Build Order

Undertheker Zerg 

Build Orders: Pool First, Muta Ling Bane 

Get SALT Encoding   

  12  0:01  Drone  
  13  0:12  Overlord  
  13  0:18  Drone  
  14  0:31  Drone x2  
  14  0:34  Drone  
  17  0:37  Extractor  
  16  0:45  Drone  
  17  0:53  Spawning Pool  
  17  0:56  Drone  
  17  1:17  Hatchery  
  16  1:21  Drone  
  17  1:40  Zergling x6  
  17  1:42  Metabolic Boost  
  20  1:53  Queen  
  22  1:57  Overlord  
  22  2:15  Drone  
  22  2:16  Drone  
  24  2:24  Overlord  
  24  2:29  Queen  
  26  2:33  Queen  
  26  2:35  Drone x2  
  30  2:44  Drone  
  30  2:49  Drone  
  30  2:51  Drone  
  33  2:59  Drone  
  34  3:10  Drone x2  
  34  3:11  Drone  
  37  3:15  Drone  
  38  3:24  Hatchery  
  38  3:25  Overlord  
  36  3:29  Drone x3  
  39  3:36  Queen  
  39  3:39  Drone  
  39  3:40  Drone  
  43  3:45  Drone x4  
  46  3:56  Overlord x2  
  46  3:58  Zergling x4  
  48  4:03  Zergling x2  
  48  4:09  Zergling x4  
  52  4:10  Zergling x2  
  52  4:11  Overlord  
  52  4:12  Overlord x2  
  52  4:26  Drone x4  
  52  4:30  Queen x2  
  60  4:35  Drone x2  
  62  4:40  Spore Crawler  
  62  4:42  Spore Crawler  
  62  4:44  Spore Crawler  
  59  4:48  Queen  
  61  4:53  Drone  
  61  4:54  Drone x6  
  61  4:56  Drone  
  69  5:04  Evolution Chamber  
  69  5:05  Evolution Chamber  
  69  5:06  Overlord  
  66  5:17  Zergling x2  
  66  5:18  Zergling x8  
  71  5:30  Zergling x2  
  71  5:31  Zergling x10  
  71  5:33  Zerg Melee Weapons Level 1  
  77  5:38  Queen x2  
  77  5:42  Overlord x3  
  81  5:45  Drone x2  
  81  5:48  Zerg Ground Armor Level 1  
  81  5:49  Queen  
  85  6:05  Extractor, Drone x3  
  85  6:06  Extractor, Drone x3  
  85  6:07  Drone x3  
  89  6:18  Zergling x8  
  86  6:31  Extractor x2  
  86  6:32  Lair  
  84  6:39  Drone x3  
  87  6:40  Drone x3  
  87  6:43  Extractor  
  87  6:47  Drone x2  
  90  6:48  Zergling x4, Drone  
  90  6:49  Zergling x4  
  96  6:59  Overlord x3  
  96  7:02  Zergling x10  
  96  7:04  Hatchery  
  96  7:06  Baneling Nest  
  99  7:14  Zergling x2  
  99  7:15  Zergling x10  
  105  7:25  Overlord x2  
  105  7:26  Zergling x4  
  105  7:27  Hatchery, Zergling x6  
  105  7:29  Overseer  
  109  7:34  Infestation Pit  
  105  7:49  Drone x3  
  105  7:51  Spire, Drone x8  
  114  7:57  Centrifical Hooks  
  114  8:00  Zerg Ground Armor Level 2, Zerg Melee Weapons Level 2  
  114  8:06  Baneling  
  114  8:07  Baneling x14  
  114  8:20  Unknown  
  114  8:22  Zergling x4  
  114  8:23  Zergling x26  
  121  8:36  Zergling x2  
  121  8:37  Zergling x8  
  126  8:42  Zergling x8  
  126  8:44  Hive  
  130  8:59  Zergling x2  
  130  9:00  Zergling x20  
  130  9:02  Baneling  
  141  9:03  Baneling x10  
  141  9:15  Mutalisk  
  141  9:16  Mutalisk x6  
  149  9:31  Zergling x2  
  149  9:32  Zergling x20  
  114  9:49  Zergling x24  
  122  9:55  Zergling x2  
  122  9:56  Zergling x6  
  115  10:01  Baneling  
  115  10:02  Baneling x20  
  115  10:04  Zergling x6  
  111  10:08  Hatchery  
  105  10:17  Zergling x2  
  105  10:18  Zergling x16  
  112  10:32  Zergling x2  
  112  10:33  Zergling x8  
Show
View Real Time Build Order
Export as new Build Order

MikeHawk Terran - Winner!

Build Orders: Liberator Opening, Reaper Expand 

Get SALT Encoding   

  12  0:00  SCV  
  13  0:13  SCV  
  14  0:17  Supply Depot  
  14  0:25  SCV  
  15  0:38  SCV  
  15  0:41  Barracks  
  16  0:43  Refinery  
  16  0:50  SCV  
  17  1:03  SCV  
  18  1:15  SCV  
  19  1:28  Orbital Command, Reaper  
  20  1:40  Command Center  
  20  1:51  Supply Depot  
  20  1:54  SCV  
  21  2:00  Marine  
  22  2:06  SCV  
  23  2:13  Factory  
  23  2:18  SCV  
  23  2:22  Marine  
  25  2:25  Refinery  
  25  2:30  SCV  
  26  2:40  Barracks Reactor  
  26  2:42  SCV  
  27  2:53  Orbital Command  
  27  2:54  SCV  
  27  2:58  Hellion  
  30  2:59  Starport  
  30  3:03  Orbital Command  
  30  3:06  SCV  
  31  3:18  SCV  
  34  3:22  Liberator  
  32  3:30  SCV, Barracks Tech Lab  
  32  3:31  Hellion x2  
  32  3:32  SCV  
  38  3:38  Supply Depot  
  41  3:42  SCV  
  41  3:44  SCV  
  43  3:52  Hellion  
  43  3:55  SCV  
  45  3:56  SCV  
  45  3:59  Stimpack  
  46  4:07  Hellion, Marine, SCV, Supply Depot  
  46  4:08  SCV  
  51  4:13  Hellion  
  53  4:19  SCV  
  54  4:29  Marine, SCV  
  54  4:30  Command Center  
  56  4:33  SCV  
  56  4:36  Supply Depot  
  57  4:41  SCV  
  57  4:45  Starport Reactor  
  58  4:46  Barracks  
  58  4:47  SCV, Barracks  
  58  4:48  Factory Tech Lab  
  58  4:49  Marine  
  60  4:53  SCV  
  60  4:59  SCV  
  62  5:04  Engineering Bay  
  62  5:05  SCV, Engineering Bay  
  62  5:06  Marine  
  63  5:09  Supply Depot  
  63  5:11  SCV  
  62  5:14  Siege Tank  
  62  5:17  SCV  
  66  5:23  Refinery x2, SCV  
  66  5:24  Marine  
  68  5:31  SCV  
  68  5:32  Starport Reactor  
  68  5:34  Terran Infantry Weapons Level 1  
  68  5:35  Terran Infantry Armor Level 1  
  69  5:36  SCV  
  69  5:38  Combat Shield  
  69  5:40  Marine x2  
  69  5:42  Orbital Command  
  72  5:45  Marine x2  
  72  5:46  Marine  
  75  5:51  Siege Tank  
  75  5:56  Barracks  
  78  5:57  Barracks  
  78  5:59  Marine  
  78  6:01  SCV x2  
  81  6:04  Supply Depot  
  81  6:08  Orbital Command  
  81  6:13  Marine x3, SCV  
  81  6:15  Marine  
  81  6:16  Supply Depot  
  81  6:17  Marine  
  78  6:20  SCV  
  78  6:25  Medivac x2, SCV  
  81  6:30  Marine, Armory  
  81  6:31  Marine  
  81  6:32  Supply Depot  
  86  6:34  SCV  
  86  6:35  SCV  
  86  6:37  SCV  
  89  6:44  Barracks Reactor, Marine  
  89  6:45  Barracks Reactor, Marine  
  89  6:46  Marine  
  89  6:47  SCV x2  
  93  6:49  Marine x2  
  93  6:50  SCV  
  97  6:57  Barracks  
  97  6:59  SCV x2, Barracks  
  97  7:00  Siege Tank  
  102  7:04  Medivac  
  102  7:05  Medivac  
  106  7:12  Marine x4  
  106  7:13  Marine, Supply Depot  
  106  7:14  Supply Depot  
  111  7:25  Supply Depot  
  111  7:28  Marine x4  
  111  7:29  Terran Infantry Weapons Level 2, Terran Infantry Armor Level 2  
  115  7:31  Marine x2  
  115  7:35  Marine  
  118  7:39  Supply Depot x2  
  118  7:46  Marine x4  
  118  7:47  Barracks Reactor x2, Marine  
  118  7:48  Siege Tank, Marine  
  125  7:51  Marine x2  
  125  7:52  Marine  
  128  7:58  Supply Depot  
  128  8:04  Marine x3  
  128  8:05  Supply Depot  
  131  8:10  Marine x5  
  131  8:11  Medivac x2, Marine  
  141  8:14  Supply Depot  
  141  8:22  Marine x3  
  144  8:27  Marine  
  144  8:28  Marine x4  
  144  8:33  Marine  
  150  8:34  Marine  
  150  8:35  Marine x3  
  150  8:36  Siege Tank  
  150  8:39  Marine  
  150  8:40  Marine x2  
  150  8:41  Medivac x2  
  162  8:45  Marine x2  
  162  8:46  Marine x2  
  168  8:48  Marine  
  168  8:51  Sensor Tower, Marine  
  168  8:53  Marine x4  
  174  8:57  Marine, Supply Depot  
  174  9:01  Marine x2  
  177  9:03  Marine x3  
  177  9:04  Marine  
  181  9:18  Marine x7  
  181  9:19  Marine  
  181  9:20  Supply Depot x2  
  189  9:39  Marine x2  
  189  9:40  Marine  
  189  9:43  Marine x10  
  189  9:45  Siege Tank  
  174  9:47  Medivac x2  
  175  9:57  Marine x2  
  175  9:58  Marine  
  178  10:01  Marine x10  
  188  10:14  Marine x2  
  188  10:15  Marine  
  188  10:17  Siege Tank  
  188  10:18  Marine  
  188  10:19  Marine  
  196  10:27  Marine x2  
  198  10:33  Marine x2  
  198  10:34  Marine  
  198  10:35  Marine x3  
  197  10:37  Marine  
  197  10:38  Marine x4  
Tags
 
Add a new tag
Caveats
  • Supply blocks, unpowered buildings, or Contaminate may cause inaccurate times.
  • Supply counts are checked every 10 seconds.